NTL
SIOUX FALLS PACKERS @ ST. CLOUD ROX
06/18/1982
 
TOP OF THE 1ST
Sioux Falls Packers batting - Pitching for St. Cloud Rox : RHP Bruce Reyna
Pitching: RHP Bruce Reyna
Batting: RHB Donald Devlin 0-0: Ball
1-0: Ball
2-0: Called Strike
2-1: Called Strike
2-2: Strikes out swinging
Batting: LHB Reggie West 0-0: Ball
1-0: Ball
2-0: Ball
3-0: Called Strike
3-1: TRIPLE (Line Drive, 8RXD, EV 100.0 MPH)
Batting: LHB Mike Aldrete 0-0: Called Strike
0-1: Foul Ball, location: 2F
0-2: Ball
1-2: Ball
2-2: Foul Ball, location: 2F
2-2: DOUBLE (Line Drive, 7LM, EV 105.0 MPH)
Reggie West scores
Batting: SHB Dan Hanggie 0-0: Foul Ball, location: 2F
0-1: Ball
1-1: Called Strike
1-2: 2-RUN HOME RUN (Flyball, 89XD, EV 92.5 MPH), Distance : 425 ft
Batting: LHB Randy Salava 0-0: Ball
1-0: Foul Ball, location: 2F
1-1: Foul Ball, location: 2F
1-2: Ball
2-2: Ball
3-2: Foul Ball, location: 2F
3-2: Foul Ball, location: 2F
3-2: Ground out U3 (Groundball, 3, EV 82.5 MPH)
Batting: SHB Gary Springer 0-0: Swinging Strike
0-1: Ball
1-1: Called Strike
1-2: Foul Ball, location: 2F
1-2: Strikes out looking
Top of the 1st over - 3 runs, 3 hits, 0 errors, 0 left on base; Sioux Falls 3 - St. Cloud 0
BOTTOM OF THE 1ST
St. Cloud Rox batting - Pitching for Sioux Falls Packers : RHP Joe Johnson
Pitching: RHP Joe Johnson
Batting: LHB Doran Perdue 0-0: Ball
1-0: SINGLE (Groundball, 6MS, EV 67.5 MPH) (infield hit)
Batting: RHB Ron Gardenhire 0-0: Ball
Doran Perdue steals 2nd base
1-0: Foul Ball, location: 2F
1-1: Ground out 6-3 (Groundball, 6, EV 103.8 MPH)
Batting: SHB R J Reynolds 0-0: SINGLE (Line Drive, 34D, EV 96.3 MPH)
Doran Perdue to third
Batting: LHB Curtis Morgan 0-0: Ball
1-0: Ball
2-0: Fielders Choice at 2nd, 3-6 (Groundball, 3, EV 96.3 MPH)
Doran Perdue scores
Batting: RHB Domingos Maravilhas 0-0: Ball
1-0: Ball
2-0: Ground out U3 (Groundball, 34, EV 88.1 MPH)
Bottom of the 1st over - 1 run, 2 hits, 0 errors, 1 left on base; Sioux Falls 3 - St. Cloud 1
TOP OF THE 2ND
Sioux Falls Packers batting - Pitching for St. Cloud Rox : RHP Bruce Reyna
Batting: LHB Michael Robbins 0-0: Ball
1-0: Ball
2-0: Ball
3-0: Base on Balls
Batting: RHB Ben Amaya 0-0: Ball
1-0: Swinging Strike
1-1: Ball
2-1: Foul Ball, location: 2F
2-2: Ball
3-2: Fly out, F6 (Popup, 6M, EV 55.6 MPH)
Batting: RHB Francisco Perez 0-0: Called Strike
0-1: Foul Ball, location: 2F
0-2: DOUBLE (Flyball, 8LXD, EV 89.4 MPH)
Michael Robbins to third
Batting: RHB Donald Devlin 0-0: Called Strike
0-1: Ball
1-1: Ball
2-1: Ball
3-1: Ground out 6-3 (Groundball, 15, EV 87.5 MPH)
Michael Robbins scores
Batting: LHB Reggie West 0-0: Ground out 6-3 (Groundball, 6, EV 86.3 MPH)
Top of the 2nd over - 1 run, 1 hit, 0 errors, 1 left on base; Sioux Falls 4 - St. Cloud 1
BOTTOM OF THE 2ND
St. Cloud Rox batting - Pitching for Sioux Falls Packers : RHP Joe Johnson
Batting: RHB Dennis Sherrill 0-0: Swinging Strike
0-1: Swinging Strike
0-2: Fly out, F8 (Flyball, 8RM, EV 95.0 MPH)
Batting: SHB Manny Galvez 0-0: Swinging Strike
0-1: Swinging Strike
0-2: Foul Ball, location: 2F
0-2: Ball
1-2: Ground out 5-3 (Groundball, 56, EV 81.9 MPH)
Batting: RHB Butch Benton 0-0: Swinging Strike
0-1: Ball
1-1: SOLO HOME RUN (Line Drive, 7LD, EV 98.8 MPH), Distance : 349 ft
Batting: RHB Jack Hudson 0-0: Foul Ball, location: 2F
0-1: Ball
1-1: Foul Ball, location: 2F
1-2: Foul Ball, location: 2F
1-2: Ball
2-2: Foul Ball, location: 2F
2-2: SINGLE (Groundball, 56D, EV 102.5 MPH)
Batting: LHB Doran Perdue 0-0: Fielders Choice at 2nd, U6 (Groundball, 6M, EV 78.8 MPH)
Bottom of the 2nd over - 1 run, 2 hits, 0 errors, 1 left on base; Sioux Falls 4 - St. Cloud 2
TOP OF THE 3RD
Sioux Falls Packers batting - Pitching for St. Cloud Rox : RHP Bruce Reyna
Batting: LHB Mike Aldrete 0-0: Called Strike
0-1: Ball
1-1: Ball
2-1: Ball
3-1: Foul Ball, location: 2F
3-2: Foul Ball, location: 2F
3-2: Base on Balls
Batting: SHB Dan Hanggie 0-0: Ball
1-0: Called Strike
1-1: Ball
2-1: Ball
3-1: Called Strike
3-2: Ground out U3 (Groundball, 3, EV 85.6 MPH)
Mike Aldrete to second
Batting: LHB Randy Salava 0-0: Fly out, F7 (Line Drive, 7, EV 93.8 MPH)
Batting: SHB Gary Springer 0-0: Swinging Strike
0-1: SINGLE (Groundball, 4MD, EV 104.4 MPH)
Mike Aldrete to third
Runner from 3rd tries for Home, SAFE, throw by CF to home
Batting: LHB Michael Robbins 0-0: Ground out 4-3 (Groundball, 4, EV 80.6 MPH)
Top of the 3rd over - 1 run, 1 hit, 0 errors, 1 left on base; Sioux Falls 5 - St. Cloud 2
BOTTOM OF THE 3RD
St. Cloud Rox batting - Pitching for Sioux Falls Packers : RHP Joe Johnson
Batting: RHB Ron Gardenhire 0-0: Ball
1-0: Ball
2-0: Foul Ball, location: 2F
2-1: Called Strike
2-2: Ball
3-2: Foul Ball, location: 2F
3-2: Fly out, F4 (Popup, 3S, EV 78.8 MPH)
Batting: SHB R J Reynolds 0-0: Ball
1-0: Ball
2-0: Ball
3-0: Called Strike
3-1: Called Strike
3-2: Foul Ball, location: 2F
3-2: Fly out, F8 (Flyball, 78S, EV 83.1 MPH)
Batting: LHB Curtis Morgan 0-0: SINGLE (Groundball, 34D, EV 105.0 MPH)
Batting: RHB Domingos Maravilhas 0-0: Ball
Wild Pitch!
Curtis Morgan to second
1-0: Called Strike
1-1: Ball
2-1: Ball
3-1: Foul Ball, location: 2F
3-2: Foul Ball, location: 2F
3-2: Base on Balls
Batting: RHB Dennis Sherrill 0-0: Called Strike
0-1: Ball
1-1: Ball
2-1: Foul Ball, location: 2F
2-2: Foul Ball, location: 2F
2-2: Strikes out looking
Bottom of the 3rd over - 0 runs, 1 hit, 0 errors, 2 left on base; Sioux Falls 5 - St. Cloud 2
TOP OF THE 4TH
Sioux Falls Packers batting - Pitching for St. Cloud Rox : RHP Bruce Reyna
Batting: RHB Ben Amaya 0-0: Ground out 5-3 (Groundball, 56S, EV 73.8 MPH)
Batting: RHB Francisco Perez 0-0: Foul Ball, location: 2F
0-1: Ball
1-1: Fly out, F8 (Line Drive, 8LM, EV 96.9 MPH)
Batting: RHB Donald Devlin 0-0: Fly out, F7 (Flyball, 7S, EV 95.6 MPH)
Top of the 4th over - 0 runs, 0 hits, 0 errors, 0 left on base; Sioux Falls 5 - St. Cloud 2
BOTTOM OF THE 4TH
St. Cloud Rox batting - Pitching for Sioux Falls Packers : RHP Joe Johnson
Batting: SHB Manny Galvez 0-0: Ball
1-0: Swinging Strike
1-1: Ball
2-1: Foul Ball, location: 2F
2-2: Ball
3-2: SINGLE (Groundball, 3D, EV 103.1 MPH)
Batting: RHB Butch Benton 0-0: Ball
Manny Galvez steals 2nd base
1-0: Swinging Strike
1-1: Fly out, F3 (Line Drive, 3, EV 76.3 MPH)
Batting: RHB Jack Hudson 0-0: Foul Ball, location: 2F
0-1: Ground out 6-3 (Groundball, 56, EV 100.0 MPH)
Batting: LHB Doran Perdue 0-0: Swinging Strike
0-1: Foul Ball, location: 2F
0-2: Ball
1-2: Foul Ball, location: 2F
1-2: SINGLE (Line Drive, 7S, EV 87.5 MPH)
Manny Galvez to third
Runner from 3rd tries for Home, SAFE, throw by LF to home
Batting: RHB Ron Gardenhire 0-0: Ball
1-0: Swinging Strike
1-1: Swinging Strike
1-2: SINGLE (Groundball, 6MD, EV 95.0 MPH)
Doran Perdue to second
Runner from 2nd tries for 3rd, SAFE, no throw by CF
Batting: SHB R J Reynolds 0-0: Fly out, F7 (Line Drive, 7D, EV 86.9 MPH)
Bottom of the 4th over - 1 run, 3 hits, 0 errors, 2 left on base; Sioux Falls 5 - St. Cloud 3
TOP OF THE 5TH
Sioux Falls Packers batting - Pitching for St. Cloud Rox : RHP Bruce Reyna
Batting: LHB Reggie West 0-0: Foul Ball, location: 2F
0-1: Called Strike
0-2: Fly out, F7 (Flyball, 7, EV 93.1 MPH)
Batting: LHB Mike Aldrete 0-0: Foul Ball, location: 2F
0-1: Foul Ball, location: 2F
0-2: Ball
1-2: Strikes out swinging
Batting: SHB Dan Hanggie 0-0: Ball
1-0: Ball
2-0: Foul Ball, location: 2F
2-1: Ball
3-1: Base on Balls
Batting: LHB Randy Salava 0-0: Ball
1-0: Foul Ball, location: 2F
1-1: Ball
2-1: Foul Ball, location: 2F
2-2: Ball
3-2: Base on Balls
Dan Hanggie to second
Pitching: RHP Mike Martinez
Batting: SHB Gary Springer 0-0: Ball
1-0: Swinging Strike
1-1: Foul Ball, location: 2F
1-2: Foul Ball, location: 2F
1-2: Ball
2-2: Ball
3-2: Fly out, F8 (Flyball, 8RD, EV 91.3 MPH)
Top of the 5th over - 0 runs, 0 hits, 0 errors, 2 left on base; Sioux Falls 5 - St. Cloud 3
BOTTOM OF THE 5TH
St. Cloud Rox batting - Pitching for Sioux Falls Packers : RHP Joe Johnson
Batting: LHB Curtis Morgan 0-0: Ball
1-0: Called Strike
1-1: SINGLE (Groundball, 4D, EV 103.1 MPH)
Batting: RHB Domingos Maravilhas 0-0: Called Strike
0-1: Called Strike
0-2: Foul Ball, location: 2F
0-2: Strikes out swinging
Batting: RHB Dennis Sherrill 0-0: Ball
1-0: Ball
2-0: Fielders Choice at 2nd, 6-4 (Groundball, 56, EV 87.5 MPH)
Batting: SHB Manny Galvez 0-0: Ground out U3 (Groundball, 34S, EV 78.8 MPH)
Bottom of the 5th over - 0 runs, 1 hit, 0 errors, 1 left on base; Sioux Falls 5 - St. Cloud 3
TOP OF THE 6TH
Sioux Falls Packers batting - Pitching for St. Cloud Rox : RHP Mike Martinez
Batting: LHB Michael Robbins 0-0: Ball
1-0: Foul Ball, location: 9LSF, Error on foul ball, E9
1-1: Foul Ball, location: 2F
1-2: SINGLE (Flyball, 89S, EV 93.8 MPH)
Batting: RHB Ben Amaya 0-0: Called Strike
0-1: Foul Ball, location: 2F
0-2: Ball
1-2: Ball
2-2: Strikes out swinging
Batting: RHB Francisco Perez 0-0: Swinging Strike
0-1: Foul Ball, location: 2F
0-2: Foul Ball, location: 2F
0-2: Foul Ball, location: 2F
0-2: Ball
1-2: TRIPLE (Flyball, 89XD, EV 111.9 MPH)
Michael Robbins scores
Batting: RHB Donald Devlin 0-0: Swinging Strike
0-1: DOUBLE (Flyball, 89D, EV 90.0 MPH)
Francisco Perez scores
Batting: LHB Reggie West 0-0: Ball
1-0: Ball
2-0: Ball
3-0: Base on Balls
Batting: LHB Mike Aldrete 0-0: Called Strike
0-1: Foul Ball, location: 2F
0-2: Ball
1-2: Foul Ball, location: 2F
1-2: Strikes out swinging
Batting: SHB Dan Hanggie 0-0: Foul Ball, location: 2F
0-1: Ball
1-1: Foul Ball, location: 2F
1-2: Ground out 2-3 (Groundball, 13S, EV 75.0 MPH)
Top of the 6th over - 2 runs, 3 hits, 1 error, 2 left on base; Sioux Falls 7 - St. Cloud 3
BOTTOM OF THE 6TH
St. Cloud Rox batting - Pitching for Sioux Falls Packers : RHP Joe Johnson
Batting: RHB Butch Benton 0-0: Ground out 4-3 (Groundball, 4, EV 89.4 MPH)
Batting: RHB Jack Hudson 0-0: Ball
1-0: Called Strike
1-1: Ball
2-1: Ball
3-1: Ground out 4-3 (Groundball, 4S, EV 74.4 MPH)
Batting: LHB Doran Perdue 0-0: Foul Ball, location: 2F
0-1: Foul Ball, location: 2F
0-2: Ball
1-2: Ball
2-2: Ball
3-2: SINGLE (Groundball, 56D, EV 103.1 MPH)
Batting: RHB Ron Gardenhire 0-0: Ball
1-0: Ball
Wild Pitch!
Doran Perdue to second
2-0: DOUBLE (Line Drive, 9LS, EV 95.6 MPH)
Doran Perdue scores
Batting: SHB R J Reynolds 0-0: Called Strike
0-1: Called Strike
0-2: Ball
1-2: Ball
2-2: Foul Ball, location: 2F
2-2: Ball
3-2: 2-RUN HOME RUN (Flyball, 7D, EV 96.3 MPH), Distance : 364 ft
Pitching: RHP Eddie Hook
Batting: LHB Curtis Morgan 0-0: Called Strike
0-1: Ball
1-1: Foul Ball, location: 2F
1-2: Foul Ball, location: 2F
1-2: Ball
2-2: Ball
3-2: Fly out, F3 (Flyball, 3D, EV 86.3 MPH)
Bottom of the 6th over - 3 runs, 3 hits, 0 errors, 0 left on base; Sioux Falls 7 - St. Cloud 6
TOP OF THE 7TH
Sioux Falls Packers batting - Pitching for St. Cloud Rox : RHP Mike Martinez
Batting: LHB Randy Salava 0-0: Ball
1-0: Ball
2-0: Ball
3-0: Called Strike
3-1: Base on Balls
Batting: SHB Gary Springer 0-0: Bunted foul
0-1: Ball
1-1: Ball
2-1: Bunted foul
2-2: Ball
3-2: Grounds into double play, 4-6-3 (Groundball, 4, EV 81.3 MPH)
Batting: LHB Michael Robbins 0-0: Ball
1-0: Called Strike
1-1: Ball
2-1: Ball
3-1: Ground out 6-3 (Groundball, 6, EV 78.1 MPH)
Top of the 7th over - 0 runs, 0 hits, 0 errors, 0 left on base; Sioux Falls 7 - St. Cloud 6
BOTTOM OF THE 7TH
St. Cloud Rox batting - Pitching for Sioux Falls Packers : RHP Eddie Hook
Batting: RHB Domingos Maravilhas 0-0: Ball
1-0: Swinging Strike
1-1: Called Strike
1-2: Ball
2-2: Ball
3-2: Fly out, F7 (Flyball, 7D, EV 77.5 MPH)
Batting: RHB Dennis Sherrill 0-0: Ball
1-0: SINGLE (Line Drive, 34D, EV 108.8 MPH)
Pinch Hitting: LHB Tim Flannery 0-0: Called Strike
Dennis Sherrill steals 2nd base (no throw)
0-1: Ball
1-1: Ball
2-1: Ball
3-1: Foul Ball, location: 2F
3-2: Base on Balls
Batting: RHB Butch Benton 0-0: Called Strike
0-1: Ball
1-1: Ball
2-1: Fly out, F8 (Flyball, 8RD, EV 86.3 MPH)
Runner from 2nd tags up, SAFE at 3rd with throw by CF
Batting: RHB Jack Hudson 0-0: Ball
1-0: Fly out, F7 (Flyball, 78D, EV 101.9 MPH)
Bottom of the 7th over - 0 runs, 1 hit, 0 errors, 2 left on base; Sioux Falls 7 - St. Cloud 6
TOP OF THE 8TH
Sioux Falls Packers batting - Pitching for St. Cloud Rox : RHP Mike Martinez
Now at 2B: Tim Flannery
Batting: RHB Ben Amaya 0-0: Called Strike
0-1: SINGLE (Groundball, 3D, EV 108.8 MPH)
Pitching: RHP Lawrence Crews
Batting: RHB Francisco Perez 0-0: Sac Bunt to 25 - play at first, batter OUT! 5-3
Ben Amaya to second
Batting: RHB Donald Devlin 0-0: Foul Ball, location: 2F
0-1: Ball
1-1: Swinging Strike
1-2: Foul Ball, location: 2F
1-2: Strikes out swinging
Batting: LHB Reggie West 0-0: Ball
1-0: Called Strike
1-1: Ball
2-1: Called Strike
2-2: Fly out, F4 (Popup, 4MD, EV 62.5 MPH)
Top of the 8th over - 0 runs, 1 hit, 0 errors, 1 left on base; Sioux Falls 7 - St. Cloud 6
BOTTOM OF THE 8TH
St. Cloud Rox batting - Pitching for Sioux Falls Packers : RHP Eddie Hook
Batting: LHB Doran Perdue 0-0: Ball
1-0: Called Strike
1-1: Foul Ball, location: 2F
1-2: Foul Ball, location: 2F
1-2: Ball
2-2: Ground out 4-3 (Groundball, 4, EV 103.1 MPH)
Batting: RHB Ron Gardenhire 0-0: Ball
1-0: Fly out, F8 (Flyball, 89S, EV 71.9 MPH)
Batting: SHB R J Reynolds 0-0: Ball
1-0: Ball
2-0: Called Strike
2-1: Ball
3-1: SOLO HOME RUN (Flyball, 9D, EV 95.6 MPH), Distance : 368 ft
Batting: LHB Curtis Morgan 0-0: Ball
1-0: Ball
2-0: Ball
3-0: Base on Balls
Batting: RHB Domingos Maravilhas 0-0: Ball
1-0: Foul Ball, location: 2F
1-1: Ball
2-1: Fly out, F6 (Line Drive, 6, EV 72.5 MPH)
Bottom of the 8th over - 1 run, 1 hit, 0 errors, 1 left on base; Sioux Falls 7 - St. Cloud 7
TOP OF THE 9TH
Sioux Falls Packers batting - Pitching for St. Cloud Rox : RHP Lawrence Crews
Pitching: RHP Mitch Zwolensky
Batting: LHB Mike Aldrete 0-0: Called Strike
0-1: Foul Ball, location: 2F
0-2: Ball
1-2: Foul Ball, location: 2F
1-2: Foul Ball, location: 2F
1-2: Foul Ball, location: 2F
1-2: Ball
2-2: Foul Ball, location: 2F
2-2: Fly out, F7 (Flyball, 78S, EV 84.4 MPH)
Batting: SHB Dan Hanggie 0-0: Ball
1-0: Ball
2-0: Called Strike
2-1: Fly out, F8 (Flyball, 8RD, EV 103.8 MPH)
Batting: LHB Randy Salava 0-0: Ball
1-0: Foul Ball, location: 2F
1-1: Ground out 4-3 (Groundball, 4M, EV 86.3 MPH)
Top of the 9th over - 0 runs, 0 hits, 0 errors, 0 left on base; Sioux Falls 7 - St. Cloud 7
BOTTOM OF THE 9TH
St. Cloud Rox batting - Pitching for Sioux Falls Packers : RHP Eddie Hook
Pitching: LHP Michael Elliott
Pinch Hitting: RHB Ron Gooch 0-0: SINGLE (Line Drive, 56D, EV 102.5 MPH)
Batting: LHB Tim Flannery 0-0: Called Strike
0-1: Ball
1-1: Bunted foul
1-2: Ball
2-2: Ball
3-2: Foul Ball, location: 2F
3-2: Base on Balls
Ron Gooch to second
Batting: RHB Butch Benton 0-0: Fly out, F9 (Flyball, 9LS, EV 93.1 MPH)
Batting: RHB Jack Hudson 0-0: Ball
1-0: Ball
2-0: Fly out, F3 (Popup, 3, EV 75.0 MPH)
Batting: LHB Doran Perdue 0-0: Reached on error, E5 (Groundball, 56, EV 88.1 MPH)
Ron Gooch to third
Tim Flannery to second
Batting: RHB Ron Gardenhire 0-0: Foul Ball, location: 2F
0-1: Ball
1-1: Fly out, F3 (Popup, 3SF, EV 75.6 MPH)
Bottom of the 9th over - 0 runs, 1 hit, 1 error, 3 left on base; Sioux Falls 7 - St. Cloud 7
TOP OF THE 10TH
Sioux Falls Packers batting - Pitching for St. Cloud Rox : RHP Mitch Zwolensky
Now at 3B: Ron Gooch
Batting: SHB Gary Springer 0-0: Called Strike
0-1: Swinging Strike
0-2: Ball
1-2: Ball
2-2: Ball
3-2: Strikes out looking
Batting: LHB Michael Robbins 0-0: Fly out, F6 (Popup, 6M, EV 73.8 MPH)
Batting: RHB Ben Amaya 0-0: Called Strike
0-1: Ground out 5-3 (Groundball, 56, EV 82.5 MPH)
Top of the 10th over - 0 runs, 0 hits, 0 errors, 0 left on base; Sioux Falls 7 - St. Cloud 7
BOTTOM OF THE 10TH
St. Cloud Rox batting - Pitching for Sioux Falls Packers : LHP Michael Elliott
Batting: SHB R J Reynolds 0-0: Ball
1-0: Swinging Strike
1-1: Swinging Strike
1-2: Ball
2-2: Strikes out swinging
Batting: LHB Curtis Morgan 0-0: Ball
1-0: Ball
2-0: Fly out, F7 (Flyball, 7LD, EV 85.6 MPH)
Batting: RHB Domingos Maravilhas 0-0: Swinging Strike
0-1: Fly out, F4 (Popup, 4S, EV 80.0 MPH)
Bottom of the 10th over - 0 runs, 0 hits, 0 errors, 0 left on base; Sioux Falls 7 - St. Cloud 7
TOP OF THE 11TH
Sioux Falls Packers batting - Pitching for St. Cloud Rox : RHP Mitch Zwolensky
Pinch Hitting: LHB Richard Wilkinson 0-0: Swinging Strike
0-1: Ground out U3 (Groundball, 23, EV 78.8 MPH)
Batting: RHB Donald Devlin 0-0: Called Strike
0-1: Ball
1-1: Fly out, F7 (Line Drive, 7, EV 91.3 MPH)
Batting: LHB Reggie West 0-0: Ball
1-0: Foul Ball, location: 2F
1-1: Ground out 4-3 (Groundball, 4, EV 89.4 MPH)
Top of the 11th over - 0 runs, 0 hits, 0 errors, 0 left on base; Sioux Falls 7 - St. Cloud 7
BOTTOM OF THE 11TH
St. Cloud Rox batting - Pitching for Sioux Falls Packers : LHP Michael Elliott
Now at SS: Ricky Jones
Batting: RHB Ron Gooch 0-0: Called Strike
0-1: Ball
1-1: Called Strike
1-2: Foul Ball, location: 2F
1-2: Foul Ball, location: 2F
1-2: Ground out 5-3 (Groundball, 5L, EV 110.0 MPH)
Batting: LHB Tim Flannery 0-0: SINGLE (Flyball, 89S, EV 89.4 MPH)
Batting: RHB Butch Benton 0-0: Ball
1-0: SINGLE (Flyball, 4D, EV 91.3 MPH)
Tim Flannery to second
Batting: RHB Jack Hudson 0-0: Fielders Choice at 2nd, 6-4 (Groundball, 56, EV 83.1 MPH)
Tim Flannery to third
Batting: LHB Doran Perdue 0-0: Called Strike
0-1: Ball
1-1: SINGLE (Line Drive, 56D, EV 102.5 MPH)
Tim Flannery scores
Bottom of the 11th over - 1 run, 3 hits, 0 errors, 0 left on base; Sioux Falls 7 - St. Cloud 8
Friday, August 7th, 2020 - OOTP Baseball 21.5 Build 76